 Dungeon Crawl Stone Soup version 0.31.0-32-g396128a36d (webtiles) character file.

Game seed: 15287925993313494185

102459 Doomgape the Impaler (level 16, 0/165 HPs)
             Began as a Naga Fighter on Mar 21, 2024.
             Was a High Priest of Cheibriados.
             Slain by a six-headed hydra (4 damage)
             ... on level 2 of the Swamp.
             The game lasted 01:38:00 (24073 turns).

Doomgape the Impaler (Naga Fighter)                Turns: 24073, Time: 01:38:00

Health: 0/165      AC: 26    Str: 47    XL:     16   Next: 33%
Magic:  1/27       EV:  6    Int: 25    God:    Cheibriados [*****.]
Gold:   2617       SH: 15    Dex: 25    Spells: 15/15 levels left

rFire   + + .        a - +3 demon trident (venom)
rCold   x . .        i - +3 buckler of the Beginning {Str+3}
rNeg    . . .        X - +0 fire dragon scales
rPois   +            R - +2 hat {SInv}
rElec   .            Q - +0 cloak {Stlth+}
rCorr   .            r - +2 pair of gloves {infuse}
SInv    +            U - +0 barding
Will    ++...        z - amulet of reflection
Stlth   +            P - +4 ring of slaying
HPRegen 0.47/turn    L - +6 ring of strength
MPRegen 0.20/turn

%: reflection, infuse magic (1 MP)
@: about to teleport, very slow
A: AC +5, large, see invisible, deformed body, poison resistance, slowness 2,
spit poison 1, naga tail 2
a: Spit Poison, Renounce Religion, Bend Time, Temporal Distortion, Slouch, Step
From Time


You were on level 2 of the Swamp.
You worshipped Cheibriados.
Cheibriados was extremely pleased with you.
You visited 5 branches of the dungeon, and saw 25 of its levels.

You collected 2617 gold pieces.

Inventory:

Hand Weapons
 a - a +3 demon trident of venom (weapon)
 t - the +5 spear "Lifebane" {freeze, rElec rF+ Will+}
   (You took it off a hobgoblin on level 4 of the Dungeon)

   rF+:       It protects you from fire.
   rElec:     It insulates you from electricity.
   Will+:     It increases your willpower.
Missiles
 j - 4 javelins
Armour
 i - the +3 buckler of the Beginning (worn) {Str+3}
   (You found it on level 4 of the Lair of Beasts)

   Str+3:     It affects your strength (+3).
 r - a +2 pair of gloves of infusion (worn)
 Q - a +0 cloak of stealth (worn)
 R - a +2 hat of see invisible (worn)
 U - a +0 barding (worn)
 X - +0 fire dragon scales (worn)
Jewellery
 z - an amulet of reflection (around neck)
 H - a ring of ice
 L - a +6 ring of strength (right hand)
 P - a +4 ring of slaying (left hand)
 T - a ring of resist corrosion
 V - the ring "Maena" {Wiz rF++ Will+}
   (You took it off an ogre mage on level 12 of the Dungeon)

   [ring of wizardry]

   Wiz:       It improves your spell success rate.
   rF++:      It greatly protects you from fire.
   Will+:     It increases your willpower.
Wands
 p - a wand of flame (60)
 x - a wand of mindburst (11)
 A - a wand of acid (22)
 D - a wand of polymorph (14)
 I - a wand of charming (16)
 K - a wand of digging (3)
 Z - a wand of iceblast (1)
Scrolls
 b - a scroll of identify
 c - a scroll of amnesia
 e - 3 scrolls of poison
 f - 3 scrolls of immolation
 g - 4 scrolls of fog
 h - a scroll of brand weapon
 q - a scroll of fear
 u - 2 scrolls of silence
 v - 10 scrolls of teleportation
 y - 5 scrolls of noise
 C - 4 scrolls of revelation
 E - a scroll of enchant armour
 M - a scroll of enchant weapon
 S - a scroll of vulnerability
 Y - 4 scrolls of blinking
Potions
 d - 9 potions of might
 l - a potion of lignification
 m - a potion of attraction
 o - a potion of ambrosia
 s - 6 potions of curing
 w - 2 potions of berserk rage
 O - 2 potions of enlightenment
Miscellaneous
 n - a phial of floods (inert)
 B - a sack of spiders (inert)
 N - a condenser vane (inert)


   Skills:
 + Level 15.9 Fighting
 + Level 16.0 Polearms
 - Level 11.4 Armour
 + Level 6.0 Shields
 - Level 15.4 Invocations
 + Level 3.4 Evocations


You had 15 spell levels left.
You didn't know any spells.
Your spell library contained the following spells:

 Spells                   Type           Power      Damage    Failure   Level
 Foxfire                  Conj/Fire      0%         2x1d4     24%         1
 Necrotise                Necr           0%         1d4       24%         1
 Sting                    Conj/Alch      0%         1d3       24%         1
 Mercury Vapours          Alch/Air       0%         N/A       34%         2
 Static Discharge         Conj/Air       0%         3-3/arc   34%         2
 Call Canine Familiar     Summ           0%         N/A       56%         3
 Inner Flame              Hex/Fire       0%         N/A       56%         3
 Mephitic Cloud           Conj/Alch/Air  0%         N/A       56%         3
 Sigil of Binding         Hex            0%         N/A       56%         3
 Summon Ice Beast         Ice/Summ       0%         N/A       56%         3
 Tukima's Dance           Hex            0%         N/A       56%         3
 Vampiric Draining        Necr           0%         2d6       56%         3
 Airstrike                Air            0%         2d(0-16)  93%         4
 Brom's Barrelling Bould  Conj/Erth      0%         2d3       93%         4
 Dimensional Bullseye     Hex/Tloc       0%         N/A       93%         4
 Flame Wave               Conj/Fire      0%         2d4       93%         4
 Martyr's Knell           Necr/Summ      0%         N/A       93%         4
 Olgreb's Toxic Radiance  Alch           0%         N/A       93%         4
 Passage of Golubria      Tloc           0%         N/A       93%         4
 Petrify                  Alch/Erth      0%         N/A       93%         4
 Sticky Flame             Fire/Alch      0%         2d4       93%         4
 Summon Lightning Spire   Summ/Air       0%         N/A       93%         4
 Curse of Agony           Necr           0%         N/A       100%        5
 Freezing Cloud           Conj/Ice/Air   0%         6-21      100%        5
 Summon Forest            Summ/Tloc      0%         N/A       100%        5
 Summon Mana Viper        Hex/Summ       0%         N/A       100%        5
 Yara's Violent Unravell  Hex/Alch       0%         3d3       100%        5
 Eringya's Noxious Bog    Alch           0%         4d6       100%        6
 Plasma Beam              Fire/Air       0%         2x1d10    100%        6
 Starburst                Conj/Fire      0%         6d3       100%        6
 Monstrous Menagerie      Summ           0%         N/A       100%        7
 Ozocubu's Refrigeration  Ice            0%         4d7       100%        7
 Summon Hydra             Summ           0%         N/A       100%        7
 Discord                  Hex            0%         N/A       100%        8


Dungeon Overview and Level Annotations

Branches:
Dungeon (15/15)            Temple (1/1) D:4            Lair (5/5) D:9
  Swamp (2/4) Lair:3        Snake (0/4) Lair:3        Slime (0/5) Lair:5
    Orc (2/2) D:9             Elf (0/3) Orc:2        Vaults (0/5) D:14
 Depths (0/4) D:15

Altars:
Ashenzari
Cheibriados
Dithmenos
Elyvilon
Gozag
Hepliaklqana
Kikubaaqudgha
Makhleb
Nemelex Xobeh
Okawaru
Qazlal
Sif Muna
Trog
Uskayaw
Vehumet
Wu Jian
Xom
Yredelemnul
Zin
Jiyva

Shops:
D:7 *   Orc:1 :   Orc:2 (((=

Annotations:
D:10 1 runed translucent door, riffraff's ghost, novice HOBe


Innate Abilities, Weirdness & Mutations

Your serpentine skin is tough. (AC +5)
You have supernaturally acute eyesight. (SInv)
Armour fits poorly on your strangely shaped body.
Your system is resistant to poisons. (rPois)
You cover ground very slowly.
You can spit poison.
You can use your snake-like lower body to constrict enemies.


Message History

You puncture the will-o-the-wisp!
The will-o-the-wisp is severely damaged.
The foxfire hits you. You resist.
* * * LOW HITPOINT WARNING * * *
The foxfire hits you! You resist.
* * * LOW HITPOINT WARNING * * *
You block the spriggan berserker's attack.
The will-o-the-wisp gestures.
The will-o-the-wisp conjures some marshlight! 2 foxfires come into view.
You barely miss the will-o-the-wisp.
The will-o-the-wisp is severely damaged.
The foxfire hits you. You resist.
* * * LOW HITPOINT WARNING * * *
The foxfire hits you! You resist.
* * * LOW HITPOINT WARNING * * *
The spriggan berserker hits you but does no damage.
Unknown command.
You feel better.
You block the spriggan berserker's attack.
You block the will-o-the-wisp's attack. The six-headed hydra bites you.
* * * LOW HITPOINT WARNING * * *
The six-headed hydra bites you but does no damage. x4
The six-headed hydra bites you.
* * * LOW HITPOINT WARNING * * *
Unknown command.
As you read the scroll of teleportation, it crumbles to dust.
You feel strangely unstable.
The spriggan berserker hits you with a +0 rapier.
* * * LOW HITPOINT WARNING * * *
The will-o-the-wisp gestures.
The will-o-the-wisp conjures some marshlight!
The spriggan berserker barely misses you.
You block the six-headed hydra's attack.
The six-headed hydra bites you but does no damage.
You block the six-headed hydra's attack.
The six-headed hydra bites you but does no damage.
The six-headed hydra closely misses you.
The six-headed hydra bites you.
You die...

..$.~~.....~♣~..~~~~..♣♣
.~.~.~~....~.~~~~~~..♣♣
.~.~~~....~~~~~~[♣~!♣♣
~.~~~~....!.♣♣
~.~.§.~~)~~~.♣♣
§.~....~.~~~§.♣
~.~.....§...~♣♣
~.~~>..iD~~~~.♣
~..§...§@v....♣
...~..~~v♣!.§.♣
~...~~~~v♣♣~~~.♣
~.♣..♣~..♣ ♣♣...
....♣♣.~.♣ .♣~ ♣♣♣.
♣♣~♣♣ ♣ ♣♣♣


You could see a six-headed hydra, a spriggan berserker (berserk, regenerating,
strong-willed) and a will-o-the-wisp.

Vanquished Creatures
  Jorgrun (Swamp:1)
  Gastronok (D:9)
  Roxanne (Swamp:2)
  Donald (Swamp:1)
  The ghost of Peloso the Fencer, a journeyman MiFi of Okawaru (Orc:1)
  An orc warlord (Orc:2)
  A stone giant (D:15)
  Nessos (D:15)
  2 eleionomae
  3 bunyips
  An ettin (D:12)
  2 fire dragons
  Erolcha (D:9)
  8 hydras
  A spriggan air mage (Swamp:2)
  An ogre mage (D:12)
  A catoblepas (D:12)
  An alligator (Swamp:1)
  2 centaur warriors
  A death knight (D:12)
  7 death yaks
  4 boulder beetles
  5 two-headed ogres
  A demonic crawler (Lair:4)
  A spriggan berserker (Swamp:2)
  5 orc high priests (Orc:2)
  2 tengu warriors (D:15)
  2 skysharks
  A skeletal warrior (D:14)
  3 spriggan druids (Swamp:1)
  A bog body (Swamp:2)
  2 swamp dragons
  4 orc sorcerers (Orc:2)
  5 orc knights
  2 oklob plants
  Maurice (D:9)
  6 ugly things
  A will-o-the-wisp (Swamp:1)
  6 cyclopes
  3 manticores
  A black mamba (shapeshifter) (D:13)
  2 kobold blastminers
  7 cane toads
  5 black mambas
  A gargoyle (D:9)
  4 centaur skeletons (D:14)
  2 torpor snails
  3 yaktaurs (D:14)
  A freezing wraith (D:14)
  Maggie (D:7)
  Psyche (D:9)
  3 rime drakes
  3 unseen horrors
  An efreet (D:15)
  9 komodo dragons
  A tengu conjurer (D:14)
  2 red devils (D:12)
  9 trolls
  A hellwing (D:12)
  4 hornets (Swamp:1)
  5 tyrant leeches (Swamp:1)
  22 blink frogs
  17 dream sheep
  4 slime creatures
  2 shadows (D:12)
  4 spriggans (Swamp:1)
  Sigmund (D:3)
  3 wyverns
  4 wraiths
  A water elemental (D:14)
  46 yaks
  2 steam dragons (Lair:5)
  4 basilisks
  13 wargs (Orc:2)
  17 vampire mosquitoes
  Edmund (D:4)
  10 swamp worms
  4 nagas (Lair:3)
  3 acid dragons
  13 water moccasins
  21 orc warriors
  3 black bears
  3 ice beasts
  3 ogres
  4 swamp drakes
  2 laughing skulls (D:14)
  A boggart (D:14)
  3 centaurs (D:15)
  7 kobold brigands
  Blork the orc (D:4)
  10 bullfrogs
  3 scorpions
  10 wights (D:9)
  20 killer bees
  2 howler monkeys
  2 electric eels
  A crimson imp (D:12)
  A quasit (D:12)
  30 orc priests
  2 sleepcaps
  Crazy Yiuf (D:7)
  A gnoll bouda (D:7)
  8 iguanas
  Ijyb (D:5)
  32 orc wizards
  Natasha (twice) (D:2)
  5 gnolls (D:7)
  4 adders
  2 white imps
  3 ufetubi
  A dart slug (D:1)
  2 ribbon worms
  86 orcs
  11 ball pythons
  7 bats
  2 endoplasms
  4 giant cockroaches
  9 goblins
  8 hobgoblins
  25 kobolds
  A quokka (D:2)
  3 frilled lizards (D:1)
  6 rats
684 creatures vanquished.

Vanquished Creatures (others)
  4 foxfires (Swamp:2)
4 creatures vanquished.

Grand Total: 688 creatures vanquished

Notes
Turn   | Place    | Note
-------+----------+-------------------------------------------
     0 | D:1      | Doomgape the Naga Fighter began the quest for the Orb.
     0 | D:1      | Reached XP level 1. HP: 21/21 MP: 1/1
   192 | D:1      | Reached XP level 2. HP: 21/28 MP: 2/2
   636 | D:1      | Reached XP level 3. HP: 33/34 MP: 3/3
  1458 | D:2      | Noticed Natasha
  1461 | D:2      | Killed Natasha
  1462 | D:2      | Reached XP level 4. HP: 42/42 MP: 4/4
  1662 | D:2      | Noticed Natasha
  1673 | D:2      | Killed Natasha
  1787 | D:2      | Found a faded altar of an unknown god.
  1825 | D:2      | Reached skill level 3 in Polearms
  1928 | D:3      | Noticed an ogre
  1928 | D:3      | Found a stormy altar of Qazlal.
  1937 | D:3      | Killed an ogre
  1938 | D:3      | Reached XP level 5. HP: 12/50 MP: 5/5
  2145 | D:3      | Reached XP level 6. HP: 42/57 MP: 6/6
  2744 | D:3      | Noticed Sigmund
  2764 | D:3      | Killed Sigmund
  2765 | D:3      | Reached skill level 4 in Polearms
  2765 | D:3      | Reached XP level 7. HP: 10/66 MP: 7/7
  3292 | D:4      | Noticed Edmund
  3313 | D:4      | Killed Edmund
  3765 | D:4      | Identified the +5 spear "Lifebane" {freeze, rElec rF+
                  | Will+}
  4210 | D:4      | Found a staircase to the Ecumenical Temple.
  4216 | D:4      | Noticed Blork the orc
  4221 | D:4      | Killed Blork the orc
  4222 | D:4      | Reached skill level 5 in Fighting
  4252 | Temple   | Entered the Ecumenical Temple
  4307 | Temple   | Became a worshipper of Cheibriados the Contemplative
  4413 | D:5      | Entered Level 5 of the Dungeon
  4431 | D:5      | Noticed Ijyb
  4444 | D:5      | Killed Ijyb
  4637 | D:5      | Reached XP level 8. HP: 65/74 MP: 3/8
  4669 | D:5      | Reached skill level 5 in Polearms
  5018 | D:5      | Found a glowing silver altar of Zin.
  5768 | D:7      | Found Fousopt's Island Escapes.
  5784 | D:7      | Reached skill level 5 in Armour
  5850 | D:7      | Reached * piety under Cheibriados
  6143 | D:7      | Noticed Maggie
  6149 | D:7      | Reached skill level 6 in Polearms
  6153 | D:7      | Reached XP level 9. HP: 33/85 MP: 6/9
  6156 | D:7      | Killed Maggie
  6357 | D:7      | Reached skill level 1 in Invocations
  6579 | D:7      | Found a bloodstained altar of Trog.
  6582 | D:7      | Found a burning altar of Makhleb.
  7002 | D:7      | Found a runed translucent door.
  7003 | D:7      | Noticed Crazy Yiuf
  7008 | D:7      | Killed Crazy Yiuf
  7409 | D:8      | Reached ** piety under Cheibriados
  7413 | D:8      | Reached skill level 7 in Polearms
  7606 | D:8      | Reached XP level 10. HP: 61/96 MP: 0/12
  8268 | D:9      | Noticed Maurice
  8279 | D:9      | Maurice stole a +4 ring of slaying
  8280 | D:9      | Killed Maurice
  8389 | D:9      | Found a staircase to the Orcish Mines.
  8558 | D:9      | Noticed a two-headed ogre
  8565 | D:9      | Killed a two-headed ogre
  8566 | D:9      | Reached skill level 8 in Polearms
  8615 | D:9      | Reached *** piety under Cheibriados
  8624 | D:9      | Reached skill level 5 in Invocations
  9015 | D:9      | Reached **** piety under Cheibriados
  9234 | D:9      | Noticed Gastronok
  9249 | D:9      | Killed Gastronok
  9250 | D:9      | Reached skill level 9 in Polearms
  9250 | D:9      | Reached XP level 11. HP: 74/106 MP: 6/15
  9365 | D:9      | Noticed Erolcha
  9374 | D:9      | Killed Erolcha
  9380 | D:9      | Found a staircase to the Lair.
  9398 | D:9      | Noticed Psyche
  9420 | D:9      | Killed Psyche
  9802 | D:10     | Entered Level 10 of the Dungeon
  9832 | D:10     | Noticed a two-headed ogre
  9839 | D:10     | Killed a two-headed ogre
 10097 | D:10     | Reached ***** piety under Cheibriados
 10135 | D:10     | Found a runed translucent door.
 10135 | D:10     | Identified the +5 trident "Beasov" {flame, *Noise rElec
                  | Dex+10 Stlth-}
 10145 | D:10     | Noticed riffraff's ghost (novice HOBe)
 10156 | D:10     | Reached skill level 10 in Fighting
 10274 | D:10     | Identified the +0 short sword "Distaqie" {venom, rC+ Will+
                  | MP+9 Dex+2}
 10827 | D:11     | Found an ornate altar of the Wu Jian Council.
 11327 | D:11     | Reached skill level 10 in Polearms
 11393 | D:11     | Reached XP level 12. HP: 116/116 MP: 14/18
 11683 | D:12     | Noticed a boulder beetle
 11702 | D:12     | Killed a boulder beetle
 11929 | D:12     | Noticed a two-headed ogre
 11935 | D:12     | Killed a two-headed ogre
 12275 | D:12     | Noticed a boulder beetle
 12287 | D:12     | Killed a boulder beetle
 12291 | D:12     | Reached ****** piety under Cheibriados
 12292 | D:12     | Reached skill level 11 in Polearms
 12391 | D:12     | Noticed an ettin
 12393 | D:12     | Noticed a boulder beetle
 12397 | D:12     | Killed an ettin
 12403 | D:12     | Killed a boulder beetle
 12407 | D:12     | Reached skill level 10 in Invocations
 12649 | D:12     | Noticed a two-headed ogre
 12656 | D:12     | Killed a two-headed ogre
 12666 | D:12     | Noticed a death knight
 12681 | D:12     | Killed a death knight
 12740 | D:12     | Identified the ring "Maena" {Wiz rF++ Will+}
 12740 | D:12     | Noticed an ogre mage
 12744 | D:12     | Killed an ogre mage
 12745 | D:12     | Gained mutation: You can use your snake-like lower body to
                  | constrict enemies. [Naga growth]
 12745 | D:12     | Reached XP level 13. HP: 123/123 MP: 16/20
 12751 | D:12     | Reached skill level 10 in Armour
 12863 | D:12     | Noticed a fire dragon
 12869 | D:12     | Killed a fire dragon
 12929 | D:12     | Got the Compendium of Plutonic Inhalation
 13163 | Lair:1   | Entered Level 1 of the Lair of Beasts
 13204 | Lair:1   | Reached skill level 12 in Polearms
 13815 | Lair:1   | Identified the +4 ring mail of Valiance {rElec}
 14641 | Lair:3   | Found a staircase to the Snake Pit.
 15059 | Lair:3   | Found a staircase to the Swamp.
 15184 | Lair:3   | Reached skill level 13 in Polearms
 15551 | Lair:4   | Reached XP level 14. HP: 123/132 MP: 18/23
 15838 | Lair:4   | Identified the +9 quarterstaff "Nishri" {venom, Str+7}
 16220 | Lair:4   | Identified the +3 buckler of the Beginning {Str+3}
 16282 | Lair:5   | Entered Level 5 of the Lair of Beasts
 16282 | Lair:5   | Found a staircase to the Slime Pits.
 16282 | Lair:5   | Found a viscous altar of Jiyva.
 16320 | Lair:5   | Identified a scroll of acquirement
 16320 | Lair:5   | Acquired a manual of Fighting
 17115 | Lair:5   | Reached skill level 14 in Polearms
 18746 | D:14     | Reached XP level 15. HP: 135/146 MP: 19/25
 18752 | D:14     | Found a gate to the Vaults.
 19689 | D:15     | Entered Level 15 of the Dungeon
 19882 | D:15     | Noticed Nessos
 19887 | D:15     | Killed Nessos
 19896 | D:15     | Reached skill level 15 in Polearms
 20521 | D:15     | Found a staircase to the Depths.
 20841 | Orc:1    | Entered Level 1 of the Orcish Mines
 20841 | Orc:1    | Found a burning altar of Makhleb.
 20842 | Orc:1    | Found a runed translucent door.
 20864 | Orc:1    | Found Plog's Book Emporium.
 20939 | Orc:1    | Noticed Peloso's ghost (journeyman MiFi)
 20982 | Orc:1    | Killed Peloso's ghost
 21006 | Orc:2    | Entered Level 2 of the Orcish Mines
 21098 | Orc:2    | Found Numpu's Weapon Shoppe.
 21234 | Orc:2    | Reached skill level 15 in Invocations
 21349 | Orc:2    | Noticed an orc warlord
 21364 | Orc:2    | Killed an orc warlord
 21406 | Orc:2    | Reached skill level 15 in Fighting
 21559 | Orc:2    | HP: 2/154 [orc priest/nerve-wracking pain (9)]
 21600 | Orc:2    | Found Joab's Antique Weapon Shop.
 21772 | Orc:2    | Found Quah Osh's Weapon Boutique.
 21802 | Orc:2    | Found Jitav's Jewellery Boutique.
 21957 | Orc:2    | Found a staircase to the Elven Halls.
 22781 | Swamp:1  | Entered Level 1 of the Swamp
 22841 | Swamp:1  | Noticed Donald
 22854 | Swamp:1  | Killed Donald
 22858 | Swamp:1  | HP: 6/154 [spriggan rider/+0 spear (19)]
 22859 | Swamp:1  | HP: 1/154 [spriggan/+0 spear (5)]
 23160 | Swamp:1  | Reached skill level 5 in Shields
 23170 | Swamp:1  | Reached skill level 1 in Evocations
 23172 | Swamp:1  | Reached XP level 16. HP: 148/163 MP: 16/27
 23628 | Swamp:1  | Noticed Jorgrun
 23638 | Swamp:1  | Killed Jorgrun
 23963 | Swamp:2  | Noticed Roxanne
 23980 | Swamp:2  | Killed Roxanne
 23981 | Swamp:2  | Reached skill level 16 in Polearms
 24071 | Swamp:2  | HP: 5/165 [will-o-the-wisp/foxfire (7)]
 24073 | Swamp:2  | Slain by a six-headed hydra

Illustrated notes

Levels and vault maps discovered:
D:1:      matt_arrival_refuge, layout_loops_ring, serial_bayou_lake_a
D:2:      layout_loops_ring, ebering_ecumenical_altar_rust, uniq_natasha
D:3:      layout_loops_ring, mainiacjoe_overflow_concentric_impassable,
          hangedman_feature_mirror, uniq_sigmund
D:4:      layout_basic, minmay_temple_entry_stoned_glass, st_stairs_6,
          uniq_blork_the_orc, uniq_edmund
D:5:      layout_loops_ring, zin_academy, uniq_ijyb
D:6:      layout_basic, minmay_misc_feat_roman, minmay_checkerbox
D:7:      layout_loops_ring, nicolae_overflow_hidden_temple,
          nicolae_island_escapes, uniq_crazy_yiuf_cottage, uniq_maggie
D:8:      layout_loops_corners, nrook_loot_triangle, roderic_filled_cross
D:9:      layout_roguey, david_lair_generic, minmay_orc_entry_temple_small,
          uniq_maurice, uniq_erolcha, uniq_psyche, uniq_gastronok
D:10:     layout_roguey, ebering_ghost_funeral_grove
D:11:     layout_layer_cave, nicolae_wu_jian_immortal_techniques
D:12:     minmay_the_grid_3x2 [minmay_the_grid_expand, minmay_the_grid_eight,
          minmay_the_grid_diamond_grid, minmay_the_grid_tree,
          minmay_the_grid_small_cups, minmay_the_grid_prize_shrinking_boxes],
          layout_rooms, dk_noncrumbling_4, nicolae_demonic_statue_gallery
D:13:     layout_basic
D:14:     layout_long_grid, hangedman_vaults_entry_quadrant_bands,
          serial_bayou_pond_b
D:15:     grunt_enter_depths_snipers, layout_basic, fountainhead,
          minmay_misc_feat_diagonals, uniq_nessos
Temple:   regret_index_temple_waves
Lair:1:   layout_roguey
Lair:2:   layout_chaotic_city
Lair:3:   layout_misc_corridors, minmay_swamp_entry_reptiles,
          minmay_snake_entry_guardpost_small, grunt_megastairs_3,
          infiniplex_staircase_pool
Lair:4:   layout_loops_ring, worms_lemuel, lemuel_fruit_fields
Lair:5:   guppyfry_lair_end_dragon, layout_long_grid, slime_entry_1,
          minivault_25
Swamp:1:  layout_falls_marsh, hangedman_swamp_lotus, uniq_jorgrun, uniq_donald
Swamp:2:  layout_falls_marsh, hangedman_swamp_pad, uniq_roxanne
Orc:1:    minmay_goldmine, layout_diamond_mine, basic_altar, serial_shops,
          nicolae_shop_gibbet_a_chance, ebering_ghost_reflecting_pool,
          uniq_snorg, uniq_erica
Orc:2:    st_orc_town, layout_diamond_mine, serial_shops, nicolae_shop_stone,
          mines2_david

Skill      XL: |  1  2  3  4  5  6  7  8  9 10 11 12 13 14 15 16 |
---------------+-------------------------------------------------+-----
Shields        | 3 4 5 6 |  6.0
Armour         | 3 4 5 6 7 8 9 11 | 11.4
Polearms       | 3 4 6 7 9 10 11 13 14 15 16 | 16.0
Fighting       | 4 5 6 7 9 10 12 15 | 15.9
Invocations    | 3 6 8 10 12 14 15 | 15.4
Evocations     | 1 3 |  3.4

Action                     |  1- 3 |  4- 6 |  7- 9 | 10-12 | 13-15 | 16-18 || total
---------------------------+-------+-------+-------+-------+-------+-------++-------
  Melee: Trident           |   106 |   122 |       |       |       |       ||   228
         Halberd           |       |       |    66 |       |       |       ||    66
         Spear             |       |       |   238 |   464 |       |       ||   702
         Demon trident     |       |       |       |   116 |   832 |   109 ||  1057
         Constrict         |       |       |       |       |   181 |    22 ||   203
 Invoke: Bend Time         |       |       |       |       |     4 |       ||     4
         Slouch            |       |       |       |       |     4 |       ||     4
         Step From Time    |       |       |       |       |       |     3 ||     3
Ability: Spit Poison       |       |       |     1 |     1 |     4 |     1 ||     7
  Evoke: Wand              |       |       |     8 |     7 |    22 |     9 ||    46
         Sack of spiders   |       |       |       |       |     1 |       ||     1
         Phial of floods   |       |       |       |       |       |     1 ||     1
         Condenser vane    |       |       |       |       |       |     1 ||     1
    Use: Scroll            |     1 |       |       |    17 |     9 |     4 ||    31
         Potion            |       |     1 |     1 |     5 |    16 |     2 ||    25
   Stab: Sleeping          |       |       |       |       |     2 |       ||     2
         Distracted        |       |       |       |       |     2 |       ||     2
 Armour: Scale mail        |    50 |       |       |       |       |       ||    50
         Plate armour      |    21 |   148 |   263 |   334 |    15 |       ||   781
         Fire dragon scale |       |       |       |       |   575 |    98 ||   673
  Dodge: Dodged            |    23 |    19 |    73 |    93 |   133 |    18 ||   359
  Block: Buckler           |    14 |    24 |    57 |   250 |   468 |    65 ||   878
         Other             |       |       |    12 |       |       |       ||    12
         Reflection        |       |       |     1 |     6 |    51 |     5 ||    63
